Boston Bruins vs Chicago Black Hawks
Created - Thursday, September 19, 2024 at 06:17
Goals
|
| Boston Bruins |
0 |
3 |
2 |
5 |
| Chicago Black Hawks |
2 |
0 |
1 |
3 |
|
Shots
|
| Boston Bruins |
17 |
12 |
8 |
37 |
| Chicago Black Hawks |
15 |
8 |
13 |
36 |
|
1st period
1. Chicago Black Hawks , Sidney Crosby 11 (Chris Kreider 21) at 0:08
2. Chicago Black Hawks , Lucas Raymond 6 (Travis Sanheim 2) at 15:15
Penalties :
No Penalty
2nd period
3. Boston Bruins , Angus Crookshank 2 (Alex Vlasic 12) at 15:48
4. Boston Bruins , Joel Farabee 12 (Michael Rasmussen 7) at 15:54
5. Boston Bruins , Michael Rasmussen 6 (Nick Perbix 11, Drew O'Connor 5) at 16:14 (PP)
Penalties :
Anders Lee (BOS) for Holding (Minor) at 7:00, Marcus Pettersson (CHI) for Roughing (Minor) at 12:11, Filip Forsberg (CHI) for Cross-checking (Minor) at 15:57
3rd period
6. Boston Bruins , John-Jason Peterka 7 (Morgan Geekie 14, Anthony Beauvillier 7) at 2:39
7. Chicago Black Hawks , Filip Forsberg 17 (Bo Horvat 24) at 11:19
8. Boston Bruins , Tyson Barrie 3 (Alex Newhook 16, Ryan Strome 11) at 11:43
Penalties :
Alex Vlasic (BOS) for Goalie Interference (Minor) at 3:30, Morgan Geekie (BOS) for Cross-checking (Minor) at 6:33, Kevin Fiala (CHI) for High sticking (Minor) at 8:41
Goalie Stats
Olivier Rodrigue (BOS), 21 saves from 23 shots - (0.913), 31:04 minutes
Pyotr Kochetkov (BOS), 12 saves from 13 shots - (0.923), W, 10-2-3, 28:56 minutes
Thatcher Demko (CHI), 32 saves from 37 shots - (0.865), L, 19-5-1, 60:00 minutes
Players Stats for Boston Bruins
Player Name G A P +/- PIM S H SB GA TA FO MP PP MP PK MP
------------------------------------------------------------------------------------
Aatu Raty 0 0 0 0 0 0 0 1 0 0 0/0 10:31 0:00 0:27
Alex Newhook 0 1 1 0 0 3 0 1 0 0 3/10 15:23 2:05 0:00
Alex Vlasic 0 1 1 -1 2 1 1 2 1 0 0/0 21:59 2:30 1:57
Anders Lee 0 0 0 0 2 2 3 0 1 0 0/2 17:29 2:05 2:07
Angus Crookshank 1 0 1 0 0 8 0 0 0 0 0/0 9:54 0:00 0:00
Anthony Beauvillier 0 1 1 0 0 1 1 1 0 1 0/1 13:08 0:00 0:33
Cam York 0 0 0 -1 0 3 0 0 0 0 0/0 23:14 2:30 3:11
Drew O'Connor 0 1 1 1 0 2 2 0 0 0 0/0 15:05 2:10 0:00
Jack Studnicka 0 0 0 0 0 1 3 0 0 1 2/3 9:54 0:00 0:00
Joel Farabee 1 0 1 1 0 6 2 0 0 0 1/3 18:04 2:10 2:59
John-Jason Peterka 1 0 1 0 0 3 0 0 1 0 0/1 13:31 0:00 0:46
Matt Grzelcyk 0 0 0 0 0 0 0 1 0 0 0/0 14:32 0:00 0:00
Michael Kesselring 0 0 0 0 0 0 0 1 0 1 0/0 16:42 0:00 1:14
Michael Rasmussen 1 1 2 1 0 4 1 2 0 2 9/27 18:42 2:10 2:41
Morgan Geekie 0 1 1 0 2 1 2 0 0 0 4/11 12:44 0:00 0:00
Nick Perbix 0 1 1 2 0 0 0 1 0 1 0/0 22:14 1:45 2:46
Ryan Strome 0 1 1 0 0 1 2 0 1 0 1/1 18:40 2:05 2:21
Tyson Barrie 1 0 1 2 0 1 1 1 1 0 0/0 22:14 1:45 2:46
Players Stats for Chicago Black Hawks
Player Name G A P +/- PIM S H SB GA TA FO MP PP MP PK MP
------------------------------------------------------------------------------------
Alex DeBrincat 0 0 0 0 0 1 0 0 0 0 0/0 9:21 0:00 0:00
Bo Horvat 0 1 1 -2 0 4 1 0 1 1 13/20 16:33 2:59 0:00
Brandon Hagel 0 0 0 -2 0 1 2 0 1 0 0/2 18:43 2:58 2:10
Brayden Point 0 0 0 0 0 1 1 0 2 0 0/0 17:15 2:58 0:03
Caleb Jones 0 0 0 0 0 0 1 2 0 0 0/0 10:07 0:00 0:00
Chris Kreider 0 1 1 0 0 3 1 2 1 0 0/2 16:46 2:59 0:00
Devon Toews 0 0 0 0 0 2 0 0 0 0 0/0 26:35 3:07 2:01
Filip Forsberg 1 0 1 -2 2 5 1 0 0 0 0/0 16:32 2:59 0:00
Filip Hronek 0 0 0 0 0 1 0 2 0 0 0/0 15:07 3:07 0:56
Jamie Benn 0 0 0 1 0 1 3 0 0 0 6/8 14:41 0:00 2:02
Kevin Fiala 0 0 0 1 2 2 0 0 0 1 0/0 13:01 0:00 0:00
Lucas Raymond 1 0 1 1 0 3 1 0 0 0 1/1 13:05 0:00 0:03
Marcus Pettersson 0 0 0 -1 2 0 2 2 0 0 0/0 19:25 0:00 1:18
Nicholas Paul 0 0 0 0 0 3 1 0 1 0 1/3 11:31 0:00 2:10
Ryan Hartman 0 0 0 0 0 1 0 0 0 0 0/1 11:26 0:00 2:02
Seth Jones 0 0 0 0 0 2 2 0 0 1 0/0 25:30 2:50 2:01
Sidney Crosby 1 0 1 0 0 6 1 0 0 0 18/22 16:46 2:58 0:00
Travis Sanheim 0 1 1 -1 0 0 2 3 0 2 0/0 23:18 2:50 2:14
3 Stars
1 - Michael Rasmussen (BOS)
2 - Tyson Barrie (BOS)
3 - Joel Farabee (BOS)
Power Play
Boston Bruins - 1 on 3 Attempt(s) - 33.33%
Chicago Black Hawks - 0 on 3 Attempt(s) - 0.00%
Penalty Kill
Boston Bruins - 3 on 3 Attempt(s) - 100.00%
- Score 0 goal in Penalty Kill
Chicago Black Hawks - 2 on 3 Attempt(s) - 66.67%
- Score 0 goal in Penalty Kill
Team Stat
Boston Bruins - Hits : 18 - Faceoff Wins : 20 - Blocked Shots : 11 - Penalty Minutes : 6
Chicago Black Hawks - Hits : 19 - Faceoff Wins : 39 - Blocked Shots : 11 - Penalty Minutes : 6
Official
Referees : Kevin Pollock and Steve Kozari
Linesman : Jonny Murray
Game Notes
Olivier Rodrigue is injured at 11:04 of 2nd period (Left Knee)
Pyotr Kochetkov enters game at 11:04 of 2nd period
Finance
Level 1 -- Attendance: 4970 (82.83%) -- Ticket Income $497,000
Level 2 -- Attendance: 3860 (77.20%) -- Ticket Income $231,600
Level 3 -- Attendance: 2407 (80.23%) -- Ticket Income $84,245
Level 4 -- Attendance: 3742 (74.84%) -- Ticket Income $93,550
Luxury Box -- Attendance: 825 (82.50%) -- Ticket Income $165,000
Game was played at the United Center.
Total Attendance: 15804 (79.02%)
Total Ticket Income: $1,071,395
Other Income: $374,988
Total Income: $1,446,383
Boston Bruins
5 vs 5 Forward
Center Left Wing Right Wing Time % Phy DF OF
1 Alex Newhook Anders Lee Ryan Strome 30 1 2 2
2 Michael Rasmussen Drew O'Connor Joel Farabee 30 1 2 2
3 Morgan Geekie Anthony Beauvillier John-Jason Peterka 25 1 2 2
4 Jack Studnicka Angus Crookshank Aatu Raty 15 1 2 2
5 vs 5 Defense
Defense Defense Time % Phy DF OF
1 Cam York Alex Vlasic 35 1 2 2
2 Tyson Barrie Nick Perbix 35 1 2 2
3 Matt Grzelcyk Michael Kesselring 30 1 2 2
4 Cam York Alex Vlasic 0 1 2 2
PowerPlay Forward
Center Left Wing Right Wing Time % Phy DF OF
1 Alex Newhook Anders Lee Ryan Strome 50 1 2 2
2 Michael Rasmussen Drew O'Connor Joel Farabee 50 1 2 2
PowerPlay Defense
Defense Defense Time % Phy DF OF
1 Cam York Alex Vlasic 50 1 2 2
2 Tyson Barrie Nick Perbix 50 1 2 2
Penalty Kill 4 Players Forward
Center Wing Time % Phy DF OF
1 Michael Rasmussen Ryan Strome 50 1 2 2
2 Joel Farabee Anders Lee 50 1 2 2
Penalty Kill 4 Players Defense
Defense Defense Time % Phy DF OF
1 Cam York Alex Vlasic 50 1 2 2
2 Tyson Barrie Nick Perbix 50 1 2 2
Penalty Kill - 3 Players Forward
Forward Time % Phy DF OF
1 Anders Lee 50 1 2 2
2 Ryan Strome 50 1 2 2
Penalty Kill - 3 Players Defense
Defense Defense Time % Phy DF OF
1 Cam York Alex Vlasic 50 1 2 2
2 Tyson Barrie Nick Perbix 50 1 2 2
4 vs 4 Forward
Center Wing Time % Phy DF OF
1 Morgan Geekie Ryan Strome 50 1 2 2
2 Joel Farabee Anders Lee 50 1 2 2
4 vs 4 Defense
Defense Defense Time % Phy DF OF
1 Cam York Alex Vlasic 50 1 2 2
2 Tyson Barrie Nick Perbix 50 1 2 2
Last Minutes Offensive
Center Left Wing Right Wing Defense Defense
Alex Newhook Anders Lee Ryan Strome Cam York Alex Vlasic
Last Minutes Defensive
Center Left Wing Right Wing Defense Defense
Alex Newhook Anders Lee Ryan Strome Cam York Alex Vlasic
Goaltenders
Starting : Olivier Rodrigue
Backup : Pyotr Kochetkov
Extra Forwards
Normal : Aatu Raty, Morgan Geekie, John-Jason Peterka - PP : Aatu Raty, Morgan Geekie - PK : John-Jason Peterka
Extra Defensemen
Normal : Matt Grzelcyk, Michael Kesselring, Tyson Barrie - PP : Matt Grzelcyk - PK : Michael Kesselring, Tyson Barrie
Penalty Shots
John-Jason Peterka, Ryan Strome, Joel Farabee, Anders Lee, Michael Rasmussen
Scratches
Brandt Clarke (Healthy), Fabian Lysell (Healthy), Samuel Bolduc (Healthy), Jacob Moverare (Healthy), John Ludvig (Healthy)
Chicago Black Hawks
5 vs 5 Forward
Center Left Wing Right Wing Time % Phy DF OF
1 Sidney Crosby Chris Kreider Brayden Point 30 0 1 4
2 Bo Horvat Filip Forsberg Brandon Hagel 30 0 2 3
3 Jamie Benn Kevin Fiala Lucas Raymond 25 0 1 4
4 Nicholas Paul Alex DeBrincat Ryan Hartman 15 0 2 3
5 vs 5 Defense
Defense Defense Time % Phy DF OF
1 Devon Toews Seth Jones 36 0 3 2
2 Travis Sanheim Marcus Pettersson 34 0 3 2
3 Filip Hronek Caleb Jones 20 0 4 1
4 Seth Jones Devon Toews 10 0 4 1
PowerPlay Forward
Center Left Wing Right Wing Time % Phy DF OF
1 Sidney Crosby Brandon Hagel Brayden Point 50 0 0 5
2 Bo Horvat Filip Forsberg Chris Kreider 50 0 0 5
PowerPlay Defense
Defense Defense Time % Phy DF OF
1 Devon Toews Filip Hronek 50 0 1 4
2 Travis Sanheim Seth Jones 50 0 1 4
Penalty Kill 4 Players Forward
Center Wing Time % Phy DF OF
1 Jamie Benn Ryan Hartman 50 0 5 0
2 Nicholas Paul Brandon Hagel 50 0 5 0
Penalty Kill 4 Players Defense
Defense Defense Time % Phy DF OF
1 Marcus Pettersson Travis Sanheim 50 0 5 0
2 Devon Toews Seth Jones 50 0 5 0
Penalty Kill - 3 Players Forward
Forward Time % Phy DF OF
1 Ryan Hartman 50 0 5 0
2 Nicholas Paul 50 0 5 0
Penalty Kill - 3 Players Defense
Defense Defense Time % Phy DF OF
1 Travis Sanheim Devon Toews 50 0 5 0
2 Filip Hronek Marcus Pettersson 50 0 5 0
4 vs 4 Forward
Center Wing Time % Phy DF OF
1 Jamie Benn Kevin Fiala 50 0 2 3
2 Nicholas Paul Alex DeBrincat 50 1 1 3
4 vs 4 Defense
Defense Defense Time % Phy DF OF
1 Devon Toews Filip Hronek 50 0 3 2
2 Marcus Pettersson Seth Jones 50 0 3 2
Last Minutes Offensive
Center Left Wing Right Wing Defense Defense
Sidney Crosby Chris Kreider Brayden Point Devon Toews Filip Hronek
Last Minutes Defensive
Center Left Wing Right Wing Defense Defense
Nicholas Paul Brandon Hagel Ryan Hartman Devon Toews Travis Sanheim
Goaltenders
Starting : Thatcher Demko
Backup : Adin Hill
Extra Forwards
Normal : Alex DeBrincat, Lucas Raymond, Kevin Fiala - PP : Alex DeBrincat, Lucas Raymond - PK : Brandon Hagel
Extra Defensemen
Normal : Filip Hronek, Marcus Pettersson, Devon Toews - PP : Travis Sanheim - PK : Devon Toews, Filip Hronek
Penalty Shots
Lucas Raymond, Alex DeBrincat, Sidney Crosby, Brayden Point, Devon Toews
Scratches
Cale Makar (Healthy)
% Time on Ice - Boston Bruins
Lines # - Real PCT - Wanted PCT - Time Play
Normal Forward
1 - 29% - 30% - 14:24
2 - 26% - 30% - 12:55
3 - 25% - 25% - 12:35
4 - 20% - 15% - 9:54
Normal Defense
1 - 34% - 35% - 16:47
2 - 36% - 35% - 17:43
3 - 29% - 30% - 14:32
4 - 2% - 0% - 0:46
PP Forward
1 - 49% - 50% - 2:05
2 - 51% - 50% - 2:10
PP Defense
1 - 59% - 50% - 2:30
2 - 41% - 50% - 1:45
PK Forward
1 - 42% - 50% - 2:30
2 - 58% - 50% - 3:27
PK Defense
1 - 54% - 50% - 3:11
2 - 46% - 50% - 2:46
PK3 Forward
1 - 0% - 50%
2 - 0% - 50%
PK3 Defense
1 - 0% - 50%
2 - 0% - 50%
44 Forward
1 - 0% - 50%
2 - 0% - 50%
44 Defense
1 - 0% - 50%
2 - 0% - 50%
Last Minute Offensive - 0:00
Last Minute Defensive - 0:00
Total
Forward - 60:00
Defense - 60:00
|
% Time on Ice - Chicago Black Hawks
Lines # - Real PCT - Wanted PCT - Time Play
Normal Forward
1 - 28% - 30% - 13:51
2 - 28% - 30% - 14:00
3 - 25% - 25% - 12:36
4 - 19% - 15% - 9:21
Normal Defense
1 - 37% - 36% - 18:14
2 - 36% - 34% - 18:03
3 - 20% - 20% - 10:07
4 - 7% - 10% - 3:24
PP Forward
1 - 50% - 50% - 2:58
2 - 50% - 50% - 2:59
PP Defense
1 - 52% - 50% - 3:07
2 - 48% - 50% - 2:50
PK Forward
1 - 48% - 50% - 2:02
2 - 52% - 50% - 2:13
PK Defense
1 - 53% - 50% - 2:14
2 - 47% - 50% - 2:01
PK3 Forward
1 - 0% - 50%
2 - 0% - 50%
PK3 Defense
1 - 0% - 50%
2 - 0% - 50%
44 Forward
1 - 0% - 50%
2 - 0% - 50%
44 Defense
1 - 0% - 50%
2 - 0% - 50%
Last Minute Offensive - 0:00
Last Minute Defensive - 0:00
Total
Forward - 60:00
Defense - 60:00
|
Play-by-Play
1st period
0:01 of 1st period - Sidney Crosby wins face-off versus Alex Newhook in neutral zone.
0:06 of 1st period - Wrist shot by Chris Kreider.
0:06 of 1st period - Shot Blocked by Alex Newhook.
0:08 of 1st period - Backhand shot by Sidney Crosby.
0:08 of 1st period - Goal by Sidney Crosby - Boston Bruins : 0 - Chicago Black Hawks : 1.
0:09 of 1st period - Bo Horvat wins face-off versus Michael Rasmussen in neutral zone.
0:14 of 1st period - Wrist shot by Bo Horvat.
0:14 of 1st period - Stopped by Olivier Rodrigue with a rebound.
0:16 of 1st period - Snap shot by Bo Horvat.
0:16 of 1st period - Shot Misses the Net.
0:18 of 1st period - Snap shot by Filip Forsberg.
0:18 of 1st period - Stopped by Olivier Rodrigue with a rebound.
0:26 of 1st period - Wrist shot by Brandon Hagel.
0:26 of 1st period - Stopped by Olivier Rodrigue with a rebound.
0:36 of 1st period - Lucas Raymond is hit by Anthony Beauvillier and loses puck.
2:44 of 1st period - Snap shot by Sidney Crosby.
2:44 of 1st period - Stopped by Olivier Rodrigue with a rebound.
3:20 of 1st period - Off-side.
3:21 of 1st period - Sidney Crosby wins face-off versus Anthony Beauvillier in neutral zone.
3:24 of 1st period - Wrist shot by Chris Kreider.
3:24 of 1st period - Shot Misses the Net.
3:26 of 1st period - Slapshot by Seth Jones.
3:26 of 1st period - Deflect By Chris Kreider.
3:26 of 1st period - Shot Misses the Net.
3:26 of 1st period - Puck is out of play.
3:27 of 1st period - Morgan Geekie wins face-off versus Sidney Crosby in Boston Bruins zone.
3:35 of 1st period - Icing by Seth Jones.
3:36 of 1st period - Sidney Crosby wins face-off versus Alex Newhook in Chicago Black Hawks zone.
4:02 of 1st period - Slapshot by Sidney Crosby.
4:02 of 1st period - Shot Blocked by Alex Vlasic.
4:17 of 1st period - Wrist shot by Alex Newhook.
4:17 of 1st period - Stopped by Thatcher Demko with a rebound.
4:19 of 1st period - Slapshot by Cam York.
4:19 of 1st period - Shot Blocked by Chris Kreider.
4:57 of 1st period - Slapshot by Alex Newhook.
4:57 of 1st period - Stopped by Thatcher Demko with a rebound.
5:03 of 1st period - Wrist shot by Anders Lee.
5:03 of 1st period - Stopped by Thatcher Demko without a rebound.
5:04 of 1st period - Michael Rasmussen wins face-off versus Brandon Hagel in Chicago Black Hawks zone.
5:19 of 1st period - Snap shot by Michael Rasmussen.
5:19 of 1st period - Shot Misses the Net.
5:41 of 1st period - Snap shot by Kevin Fiala.
5:41 of 1st period - Shot Misses the Net.
5:55 of 1st period - Snap shot by Morgan Geekie.
5:55 of 1st period - Stopped by Thatcher Demko with a rebound.
5:59 of 1st period - Wrist shot by John-Jason Peterka.
5:59 of 1st period - Stopped by Thatcher Demko with a rebound.
6:01 of 1st period - Slapshot by Anthony Beauvillier.
6:01 of 1st period - Stopped by Thatcher Demko without a rebound.
6:02 of 1st period - Bo Horvat wins face-off versus Michael Rasmussen in Chicago Black Hawks zone.
6:19 of 1st period - Snap shot by Bo Horvat.
6:19 of 1st period - Shot Blocked by Michael Rasmussen.
6:35 of 1st period - Slapshot by Nicholas Paul.
6:35 of 1st period - Shot Misses the Net.
6:37 of 1st period - Wrist shot by Caleb Jones.
6:37 of 1st period - Shot Misses the Net.
6:39 of 1st period - Slapshot by Filip Hronek.
6:39 of 1st period - Deflect By Tyson Barrie.
6:39 of 1st period - Stopped by Olivier Rodrigue with a rebound.
6:41 of 1st period - Wrist shot by Alex DeBrincat.
6:41 of 1st period - Shot Misses the Net.
7:29 of 1st period - Anders Lee is hit by Seth Jones and loses puck.
7:46 of 1st period - Backhand shot by Angus Crookshank.
7:46 of 1st period - Stopped by Thatcher Demko with a rebound.
7:58 of 1st period - Matt Grzelcyk is hit by Lucas Raymond and loses puck.
8:21 of 1st period - Brandon Hagel is hit by Drew O'Connor and loses puck.
8:28 of 1st period - Wrist shot by Michael Rasmussen.
8:28 of 1st period - Shot Blocked by Caleb Jones.
9:04 of 1st period - Seth Jones is hit by Anders Lee.
9:24 of 1st period - Nick Perbix is hit by Jamie Benn and loses puck.
10:03 of 1st period - Snap shot by Sidney Crosby.
10:03 of 1st period - Stopped by Olivier Rodrigue with a rebound.
10:11 of 1st period - Snap shot by Joel Farabee.
10:11 of 1st period - Stopped by Thatcher Demko without a rebound.
10:12 of 1st period - Bo Horvat wins face-off versus Anders Lee in Chicago Black Hawks zone.
10:12 of 1st period - Bo Horvat is hit by Anders Lee.
10:18 of 1st period - Wrist shot by Filip Forsberg.
10:18 of 1st period - Shot Misses the Net.
11:00 of 1st period - Seth Jones is hit by Jack Studnicka and loses puck.
11:07 of 1st period - Snap shot by Angus Crookshank.
11:07 of 1st period - Stopped by Thatcher Demko without a rebound.
11:08 of 1st period - Bo Horvat wins face-off versus Michael Rasmussen in Chicago Black Hawks zone.
11:08 of 1st period - Bo Horvat is hit by Alex Vlasic.
11:20 of 1st period - Wrist shot by Bo Horvat.
11:20 of 1st period - Stopped by Olivier Rodrigue without a rebound.
11:21 of 1st period - Michael Rasmussen wins face-off versus Bo Horvat in Boston Bruins zone.
11:32 of 1st period - Slapshot by Filip Forsberg.
11:32 of 1st period - Shot Blocked by Michael Rasmussen.
11:48 of 1st period - Alex Newhook is hit by Chris Kreider and loses puck.
11:58 of 1st period - Slapshot by Chris Kreider.
11:58 of 1st period - Shot Misses the Net.
12:11 of 1st period - Off-side.
12:12 of 1st period - Jamie Benn wins face-off versus Morgan Geekie in neutral zone.
12:21 of 1st period - Snap shot by John-Jason Peterka.
12:21 of 1st period - Deflect By Kevin Fiala.
12:21 of 1st period - Stopped by Thatcher Demko with a rebound.
12:23 of 1st period - Snap shot by Anthony Beauvillier.
12:23 of 1st period - Shot Hit the Post.
12:25 of 1st period - Wrist shot by Anthony Beauvillier.
12:25 of 1st period - Shot Misses the Net.
12:49 of 1st period - Slapshot by Alex Newhook.
12:49 of 1st period - Stopped by Thatcher Demko with a rebound.
13:01 of 1st period - Snap shot by Angus Crookshank.
13:01 of 1st period - Stopped by Thatcher Demko with a rebound.
13:03 of 1st period - Slapshot by Cam York.
13:03 of 1st period - Stopped by Thatcher Demko without a rebound.
13:04 of 1st period - Jack Studnicka wins face-off versus Bo Horvat in Chicago Black Hawks zone.
13:11 of 1st period - Slapshot by Jack Studnicka.
13:11 of 1st period - Deflect By Angus Crookshank.
13:11 of 1st period - Stopped by Thatcher Demko with a rebound.
13:49 of 1st period - Nick Perbix is hit by Nicholas Paul and loses puck.
14:10 of 1st period - Wrist shot by Filip Forsberg.
14:10 of 1st period - Stopped by Olivier Rodrigue with a rebound.
14:12 of 1st period - Slapshot by Bo Horvat.
14:12 of 1st period - Stopped by Olivier Rodrigue with a rebound.
14:14 of 1st period - Snap shot by Seth Jones.
14:14 of 1st period - Stopped by Olivier Rodrigue with a rebound.
14:16 of 1st period - Snap shot by Filip Forsberg.
14:16 of 1st period - Shot Misses the Net.
14:18 of 1st period - Wrist shot by Bo Horvat.
14:18 of 1st period - Stopped by Olivier Rodrigue without a rebound.
14:19 of 1st period - Sidney Crosby wins face-off versus Michael Rasmussen in Boston Bruins zone.
14:32 of 1st period - Snap shot by Joel Farabee.
14:32 of 1st period - Stopped by Thatcher Demko with a rebound.
14:34 of 1st period - Wrist shot by Michael Rasmussen.
14:34 of 1st period - Shot Misses the Net.
15:15 of 1st period - Snap shot by Lucas Raymond.
15:15 of 1st period - Goal by Lucas Raymond - Boston Bruins : 0 - Chicago Black Hawks : 2.
15:16 of 1st period - Bo Horvat wins face-off versus Michael Rasmussen in neutral zone.
15:41 of 1st period - Anthony Beauvillier is hit by Seth Jones and loses puck.
17:17 of 1st period - Tyson Barrie is hit by Sidney Crosby and loses puck.
18:02 of 1st period - Filip Forsberg is hit by Jack Studnicka and loses puck.
18:17 of 1st period - Slapshot by Michael Rasmussen.
18:17 of 1st period - Shot Misses the Net.
18:19 of 1st period - Snap shot by Drew O'Connor.
18:19 of 1st period - Shot Misses the Net.
18:21 of 1st period - Snap shot by Michael Rasmussen.
18:21 of 1st period - Stopped by Thatcher Demko with a rebound.
18:23 of 1st period - Snap shot by Joel Farabee.
18:23 of 1st period - Stopped by Thatcher Demko without a rebound.
18:24 of 1st period - Sidney Crosby wins face-off versus Morgan Geekie in Chicago Black Hawks zone.
18:49 of 1st period - Joel Farabee is hit by Filip Forsberg and loses puck.
19:02 of 1st period - Wrist shot by Bo Horvat.
19:02 of 1st period - Shot Blocked by Michael Kesselring.
19:12 of 1st period - Slapshot by Alex Newhook.
19:12 of 1st period - Shot Misses the Net.
19:35 of 1st period - Snap shot by Nicholas Paul.
19:35 of 1st period - Stopped by Olivier Rodrigue with a rebound.
19:37 of 1st period - Slapshot by Nicholas Paul.
19:37 of 1st period - Stopped by Olivier Rodrigue without a rebound.
19:38 of 1st period - Alex Newhook wins face-off versus Sidney Crosby in Boston Bruins zone.
19:43 of 1st period - Brayden Point is hit by Anders Lee and loses puck.
Goals for this period are 0 for Boston Bruins vs 2 for Chicago Black Hawks.
Shots for this period are 17 for Boston Bruins vs 15 for Chicago Black Hawks.
2nd period
0:01 of 2nd period - Michael Rasmussen wins face-off versus Bo Horvat in neutral zone.
1:16 of 2nd period - Snap shot by Jack Studnicka.
1:16 of 2nd period - Shot Misses the Net.
1:32 of 2nd period - Slapshot by Brayden Point.
1:32 of 2nd period - Shot Misses the Net.
1:34 of 2nd period - Slapshot by Caleb Jones.
1:34 of 2nd period - Shot Misses the Net.
1:36 of 2nd period - Snap shot by Brayden Point.
1:36 of 2nd period - Shot Misses the Net.
1:38 of 2nd period - Snap shot by Brayden Point.
1:38 of 2nd period - Shot Misses the Net.
1:40 of 2nd period - Snap shot by Brayden Point.
1:40 of 2nd period - Shot Misses the Net.
1:52 of 2nd period - Slapshot by Michael Rasmussen.
1:52 of 2nd period - Shot Blocked by Caleb Jones.
1:58 of 2nd period - Wrist shot by Michael Rasmussen.
1:58 of 2nd period - Shot Misses the Net.
2:00 of 2nd period - Snap shot by Drew O'Connor.
2:00 of 2nd period - Stopped by Thatcher Demko without a rebound.
2:01 of 2nd period - Morgan Geekie wins face-off versus Jamie Benn in Chicago Black Hawks zone.
2:08 of 2nd period - Slapshot by Morgan Geekie.
2:08 of 2nd period - Shot Misses the Net.
2:14 of 2nd period - Slapshot by Lucas Raymond.
2:14 of 2nd period - Shot Misses the Net.
2:52 of 2nd period - Nick Perbix is hit by Brayden Point and loses puck.
3:35 of 2nd period - Seth Jones is hit by Morgan Geekie and loses puck.
3:46 of 2nd period - Ryan Hartman is hit by Joel Farabee and loses puck.
4:51 of 2nd period - Anthony Beauvillier is hit by Jamie Benn and loses puck.
5:14 of 2nd period - Snap shot by Chris Kreider.
5:14 of 2nd period - Shot Blocked by Nick Perbix.
5:18 of 2nd period - Snap shot by Brayden Point.
5:18 of 2nd period - Stopped by Olivier Rodrigue without a rebound.
5:19 of 2nd period - Sidney Crosby wins face-off versus Michael Rasmussen in Boston Bruins zone.
5:46 of 2nd period - Ryan Strome is hit by Bo Horvat and loses puck.
6:15 of 2nd period - Snap shot by Jamie Benn.
6:15 of 2nd period - Stopped by Olivier Rodrigue with a rebound.
6:31 of 2nd period - Wrist shot by Nicholas Paul.
6:31 of 2nd period - Stopped by Olivier Rodrigue with a rebound.
6:33 of 2nd period - Slapshot by Devon Toews.
6:33 of 2nd period - Stopped by Olivier Rodrigue without a rebound.
6:34 of 2nd period - Bo Horvat wins face-off versus Michael Rasmussen in Boston Bruins zone.
6:51 of 2nd period - Backhand shot by Filip Forsberg.
6:51 of 2nd period - Stopped by Olivier Rodrigue without a rebound.
6:52 of 2nd period - Sidney Crosby wins face-off versus Alex Newhook in Boston Bruins zone.
7:00 of 2nd period - Minor Penalty to Anders Lee for Holding.
7:01 of 2nd period - Sidney Crosby wins face-off versus Michael Rasmussen in Boston Bruins zone.
9:00 of 2nd period - Penalty to Anders Lee is over, Anders Lee is back on ice.
9:06 of 2nd period - Snap shot by Jamie Benn.
9:06 of 2nd period - Deflect By Kevin Fiala.
9:06 of 2nd period - Stopped by Olivier Rodrigue with a rebound.
9:24 of 2nd period - Matt Grzelcyk is hit by Caleb Jones and loses puck.
9:31 of 2nd period - Backhand shot by Alex DeBrincat.
9:31 of 2nd period - Deflect By Ryan Hartman.
9:31 of 2nd period - Stopped by Olivier Rodrigue without a rebound.
9:32 of 2nd period - Jack Studnicka wins face-off versus Nicholas Paul in Boston Bruins zone.
9:41 of 2nd period - Slapshot by Tyson Barrie.
9:41 of 2nd period - Deflect By Angus Crookshank.
9:41 of 2nd period - Shot Blocked by Marcus Pettersson.
9:41 of 2nd period - Puck is out of play.
9:42 of 2nd period - Nicholas Paul wins face-off versus Jack Studnicka in Chicago Black Hawks zone.
9:49 of 2nd period - Slapshot by Devon Toews.
9:49 of 2nd period - Shot Misses the Net.
10:38 of 2nd period - Slapshot by Seth Jones.
10:38 of 2nd period - Shot Blocked by Aatu Raty.
11:02 of 2nd period - Wrist shot by Alex DeBrincat.
11:02 of 2nd period - Stopped by Olivier Rodrigue with a rebound.
11:04 of 2nd period - Slapshot by Alex DeBrincat.
11:04 of 2nd period - Deflect By Matt Grzelcyk.
11:04 of 2nd period - Shot Blocked by Matt Grzelcyk.
11:04 of 2nd period - Puck is out of play.
11:04 of 2nd period - Olivier Rodrigue from Boston Bruins is injured at 11:04 of 2nd period (Left Knee).
11:04 of 2nd period - Pyotr Kochetkov enters game.
11:05 of 2nd period - Bo Horvat wins face-off versus Michael Rasmussen in Boston Bruins zone.
11:55 of 2nd period - Wrist shot by Anthony Beauvillier.
11:55 of 2nd period - Shot Blocked by Travis Sanheim.
11:57 of 2nd period - Slapshot by John-Jason Peterka.
11:57 of 2nd period - Shot Misses the Net.
12:11 of 2nd period - Minor Penalty to Marcus Pettersson for Roughing.
12:12 of 2nd period - Alex Newhook wins face-off versus Ryan Hartman in Chicago Black Hawks zone.
12:15 of 2nd period - Wrist shot by Alex Newhook.
12:15 of 2nd period - Shot Misses the Net.
12:57 of 2nd period - Off-side.
12:58 of 2nd period - Jamie Benn wins face-off versus Alex Newhook in neutral zone.
13:23 of 2nd period - Joel Farabee is hit by Jamie Benn.
14:11 of 2nd period - Penalty to Marcus Pettersson is over, Marcus Pettersson is back on ice.
14:45 of 2nd period - Wrist shot by Jack Studnicka.
14:45 of 2nd period - Deflect By Angus Crookshank.
14:45 of 2nd period - Deflect By Filip Forsberg.
14:45 of 2nd period - Stopped by Thatcher Demko with a rebound.
14:47 of 2nd period - Wrist shot by Jack Studnicka.
14:47 of 2nd period - Stopped by Thatcher Demko with a rebound.
14:49 of 2nd period - Wrist shot by Angus Crookshank.
14:49 of 2nd period - Stopped by Thatcher Demko without a rebound.
14:50 of 2nd period - Sidney Crosby wins face-off versus Michael Rasmussen in Chicago Black Hawks zone.
14:50 of 2nd period - Sidney Crosby is hit by Drew O'Connor.
15:48 of 2nd period - Snap shot by Angus Crookshank.
15:48 of 2nd period - Goal by Angus Crookshank - Boston Bruins : 1 - Chicago Black Hawks : 2.
15:49 of 2nd period - Michael Rasmussen wins face-off versus Bo Horvat in neutral zone.
15:54 of 2nd period - Slapshot by Joel Farabee.
15:54 of 2nd period - Goal by Joel Farabee - Boston Bruins : 2 - Chicago Black Hawks : 2.
15:55 of 2nd period - Bo Horvat wins face-off versus Michael Rasmussen in neutral zone.
15:57 of 2nd period - Minor Penalty to Filip Forsberg for Cross-checking.
15:58 of 2nd period - Michael Rasmussen wins face-off versus Nicholas Paul in Chicago Black Hawks zone.
16:10 of 2nd period - Wrist shot by Drew O'Connor.
16:10 of 2nd period - Shot Misses the Net.
16:12 of 2nd period - Slapshot by Nick Perbix.
16:12 of 2nd period - Shot Misses the Net.
16:14 of 2nd period - Wrist shot by Michael Rasmussen.
16:14 of 2nd period - Goal by Michael Rasmussen - Boston Bruins : 3 - Chicago Black Hawks : 2.
16:15 of 2nd period - Michael Rasmussen wins face-off versus Bo Horvat in neutral zone.
16:21 of 2nd period - Icing by Seth Jones.
16:22 of 2nd period - Bo Horvat wins face-off versus Michael Rasmussen in Chicago Black Hawks zone.
16:22 of 2nd period - Bo Horvat is hit by Michael Rasmussen.
16:52 of 2nd period - Snap shot by Drew O'Connor.
16:52 of 2nd period - Stopped by Thatcher Demko without a rebound.
16:53 of 2nd period - Jamie Benn wins face-off versus Alex Newhook in Chicago Black Hawks zone.
17:00 of 2nd period - Snap shot by Lucas Raymond.
17:00 of 2nd period - Shot Blocked by Tyson Barrie.
17:18 of 2nd period - Lucas Raymond is hit by Jack Studnicka and loses puck.
17:23 of 2nd period - Slapshot by Cam York.
17:23 of 2nd period - Stopped by Thatcher Demko with a rebound.
17:25 of 2nd period - Wrist shot by Angus Crookshank.
17:25 of 2nd period - Shot Misses the Net.
17:27 of 2nd period - Wrist shot by Jack Studnicka.
17:27 of 2nd period - Shot Misses the Net.
17:29 of 2nd period - Slapshot by Angus Crookshank.
17:29 of 2nd period - Stopped by Thatcher Demko with a rebound.
17:31 of 2nd period - Backhand shot by Jack Studnicka.
17:31 of 2nd period - Shot Misses the Net.
18:27 of 2nd period - Cam York is hit by Brandon Hagel and loses puck.
19:45 of 2nd period - Lucas Raymond is hit by Ryan Strome and loses puck.
19:54 of 2nd period - Wrist shot by Anders Lee.
19:54 of 2nd period - Stopped by Thatcher Demko without a rebound.
19:55 of 2nd period - Michael Rasmussen wins face-off versus Chris Kreider in Chicago Black Hawks zone.
19:56 of 2nd period - Wrist shot by Joel Farabee.
19:56 of 2nd period - Stopped by Thatcher Demko without a rebound.
19:57 of 2nd period - Sidney Crosby wins face-off versus Michael Rasmussen in Chicago Black Hawks zone.
Goals for this period are 3 for Boston Bruins vs 0 for Chicago Black Hawks.
Shots for this period are 12 for Boston Bruins vs 8 for Chicago Black Hawks.
3rd period
0:01 of 3rd period - Sidney Crosby wins face-off versus Michael Rasmussen in neutral zone.
0:35 of 3rd period - Snap shot by Lucas Raymond.
0:35 of 3rd period - Stopped by Pyotr Kochetkov with a rebound.
0:39 of 3rd period - Wrist shot by Kevin Fiala.
0:39 of 3rd period - Shot Misses the Net.
0:51 of 3rd period - Michael Kesselring is hit by Brandon Hagel and loses puck.
1:18 of 3rd period - Snap shot by Brayden Point.
1:18 of 3rd period - Deflect By Sidney Crosby.
1:18 of 3rd period - Stopped by Pyotr Kochetkov with a rebound.
1:20 of 3rd period - Slapshot by Sidney Crosby.
1:20 of 3rd period - Stopped by Pyotr Kochetkov with a rebound.
1:48 of 3rd period - Snap shot by Lucas Raymond.
1:48 of 3rd period - Shot Misses the Net.
2:27 of 3rd period - Off-side.
2:28 of 3rd period - Morgan Geekie wins face-off versus Sidney Crosby in neutral zone.
2:31 of 3rd period - Snap shot by Morgan Geekie.
2:31 of 3rd period - Shot Blocked by Chris Kreider.
2:33 of 3rd period - Backhand shot by Anthony Beauvillier.
2:33 of 3rd period - Shot Misses the Net.
2:35 of 3rd period - Wrist shot by Morgan Geekie.
2:35 of 3rd period - Shot Misses the Net.
2:37 of 3rd period - Snap shot by Morgan Geekie.
2:37 of 3rd period - Shot Misses the Net.
2:39 of 3rd period - Snap shot by John-Jason Peterka.
2:39 of 3rd period - Goal by John-Jason Peterka - Boston Bruins : 4 - Chicago Black Hawks : 2.
2:40 of 3rd period - Michael Rasmussen wins face-off versus Bo Horvat in neutral zone.
3:13 of 3rd period - Slapshot by Devon Toews.
3:13 of 3rd period - Shot Blocked by Alex Vlasic.
3:15 of 3rd period - Slapshot by Seth Jones.
3:15 of 3rd period - Stopped by Pyotr Kochetkov without a rebound.
3:16 of 3rd period - Sidney Crosby wins face-off versus Alex Newhook in Boston Bruins zone.
3:30 of 3rd period - Minor Penalty to Alex Vlasic for Goalie Interference.
3:31 of 3rd period - Bo Horvat wins face-off versus Michael Rasmussen in Boston Bruins zone.
3:41 of 3rd period - Snap shot by Chris Kreider.
3:41 of 3rd period - Stopped by Pyotr Kochetkov with a rebound.
3:43 of 3rd period - Wrist shot by Filip Forsberg.
3:43 of 3rd period - Stopped by Pyotr Kochetkov with a rebound.
3:57 of 3rd period - Travis Sanheim is hit by Tyson Barrie and loses puck.
4:49 of 3rd period - Icing by Chris Kreider.
4:50 of 3rd period - Bo Horvat wins face-off versus Joel Farabee in Chicago Black Hawks zone.
5:01 of 3rd period - Cam York is hit by Travis Sanheim and loses puck.
5:30 of 3rd period - Penalty to Alex Vlasic is over, Alex Vlasic is back on ice.
5:59 of 3rd period - Backhand shot by Ryan Strome.
5:59 of 3rd period - Shot Blocked by Filip Hronek.
6:11 of 3rd period - Slapshot by Michael Rasmussen.
6:11 of 3rd period - Stopped by Thatcher Demko with a rebound.
6:13 of 3rd period - Slapshot by Cam York.
6:13 of 3rd period - Shot Blocked by Filip Hronek.
6:15 of 3rd period - Snap shot by Michael Kesselring.
6:15 of 3rd period - Deflect By Ryan Strome.
6:15 of 3rd period - Stopped by Thatcher Demko with a rebound.
6:17 of 3rd period - Slapshot by Cam York.
6:17 of 3rd period - Shot Misses the Net.
6:19 of 3rd period - Slapshot by Michael Rasmussen.
6:19 of 3rd period - Shot Misses the Net.
6:21 of 3rd period - Snap shot by Alex Vlasic.
6:21 of 3rd period - Stopped by Thatcher Demko with a rebound.
6:23 of 3rd period - Backhand shot by Michael Rasmussen.
6:23 of 3rd period - Shot Misses the Net.
6:25 of 3rd period - Snap shot by Michael Rasmussen.
6:25 of 3rd period - Stopped by Thatcher Demko without a rebound.
6:26 of 3rd period - Sidney Crosby wins face-off versus Morgan Geekie in Chicago Black Hawks zone.
6:31 of 3rd period - Wrist shot by Sidney Crosby.
6:31 of 3rd period - Stopped by Pyotr Kochetkov with a rebound.
6:33 of 3rd period - Minor Penalty to Morgan Geekie for Cross-checking.
6:34 of 3rd period - Joel Farabee wins face-off versus Chris Kreider in Boston Bruins zone.
7:14 of 3rd period - Wrist shot by Sidney Crosby.
7:14 of 3rd period - Deflect By Brandon Hagel.
7:14 of 3rd period - Shot Misses the Net.
7:14 of 3rd period - Puck is out of play.
7:15 of 3rd period - Bo Horvat wins face-off versus Joel Farabee in Boston Bruins zone.
8:33 of 3rd period - Penalty to Morgan Geekie is over, Morgan Geekie is back on ice.
8:41 of 3rd period - Minor Penalty to Kevin Fiala for High sticking.
8:42 of 3rd period - Jamie Benn wins face-off versus Anders Lee in Chicago Black Hawks zone.
9:05 of 3rd period - Slapshot by Jamie Benn.
9:05 of 3rd period - Shot Misses the Net.
9:43 of 3rd period - Brandon Hagel is hit by Ryan Strome and loses puck.
10:41 of 3rd period - Penalty to Kevin Fiala is over, Kevin Fiala is back on ice.
10:52 of 3rd period - Snap shot by Jack Studnicka.
10:52 of 3rd period - Shot Misses the Net.
10:54 of 3rd period - Wrist shot by Matt Grzelcyk.
10:54 of 3rd period - Shot Misses the Net.
11:15 of 3rd period - Off-side.
11:16 of 3rd period - Bo Horvat wins face-off versus John-Jason Peterka in neutral zone.
11:19 of 3rd period - Wrist shot by Filip Forsberg.
11:19 of 3rd period - Goal by Filip Forsberg - Boston Bruins : 4 - Chicago Black Hawks : 3.
11:20 of 3rd period - Sidney Crosby wins face-off versus Michael Rasmussen in neutral zone.
11:33 of 3rd period - Snap shot by Sidney Crosby.
11:33 of 3rd period - Shot Misses the Net.
11:35 of 3rd period - Snap shot by Brayden Point.
11:35 of 3rd period - Deflect By Sidney Crosby.
11:35 of 3rd period - Shot Misses the Net.
11:35 of 3rd period - Puck is out of play.
11:36 of 3rd period - Alex Newhook wins face-off versus Bo Horvat in Boston Bruins zone.
11:41 of 3rd period - Snap shot by Alex Newhook.
11:41 of 3rd period - Shot Misses the Net.
11:43 of 3rd period - Slapshot by Tyson Barrie.
11:43 of 3rd period - Goal by Tyson Barrie - Boston Bruins : 5 - Chicago Black Hawks : 3.
11:44 of 3rd period - Sidney Crosby wins face-off versus Michael Rasmussen in neutral zone.
11:59 of 3rd period - Wrist shot by Chris Kreider.
11:59 of 3rd period - Stopped by Pyotr Kochetkov without a rebound.
12:00 of 3rd period - Ryan Strome wins face-off versus Brandon Hagel in Boston Bruins zone.
12:00 of 3rd period - Ryan Strome is hit by Marcus Pettersson.
13:16 of 3rd period - Seth Jones is hit by Morgan Geekie and loses puck.
14:27 of 3rd period - Snap shot by Jamie Benn.
14:27 of 3rd period - Deflect By Lucas Raymond.
14:27 of 3rd period - Shot Misses the Net.
14:27 of 3rd period - Puck is out of play.
14:28 of 3rd period - Michael Rasmussen wins face-off versus Sidney Crosby in Boston Bruins zone.
14:33 of 3rd period - Brayden Point is hit by Joel Farabee and loses puck.
14:40 of 3rd period - Wrist shot by Joel Farabee.
14:40 of 3rd period - Shot Blocked by Travis Sanheim.
14:42 of 3rd period - Slapshot by Joel Farabee.
14:42 of 3rd period - Deflect By Sidney Crosby.
14:42 of 3rd period - Stopped by Thatcher Demko with a rebound.
14:44 of 3rd period - Snap shot by Michael Kesselring.
14:44 of 3rd period - Shot Blocked by Marcus Pettersson.
14:54 of 3rd period - Anders Lee is hit by Travis Sanheim.
15:00 of 3rd period - Wrist shot by Alex Newhook.
15:00 of 3rd period - Shot Blocked by Travis Sanheim.
15:42 of 3rd period - Snap shot by Michael Rasmussen.
15:42 of 3rd period - Shot Hit the Post.
15:48 of 3rd period - Slapshot by Devon Toews.
15:48 of 3rd period - Stopped by Pyotr Kochetkov with a rebound.
15:57 of 3rd period - Off-side.
15:58 of 3rd period - Sidney Crosby wins face-off versus Morgan Geekie in neutral zone.
16:03 of 3rd period - Slapshot by Brayden Point.
16:03 of 3rd period - Deflect By Sidney Crosby.
16:03 of 3rd period - Shot Blocked by Anthony Beauvillier.
16:03 of 3rd period - Puck is out of play.
16:04 of 3rd period - Jamie Benn wins face-off versus Morgan Geekie in Boston Bruins zone.
16:34 of 3rd period - Alex Vlasic is hit by Marcus Pettersson and loses puck.
17:35 of 3rd period - Snap shot by Morgan Geekie.
17:35 of 3rd period - Deflect By Anthony Beauvillier.
17:35 of 3rd period - Shot Hit the Post.
17:35 of 3rd period - Puck is out of play.
17:36 of 3rd period - Jamie Benn wins face-off versus Morgan Geekie in Chicago Black Hawks zone.
17:38 of 3rd period - Icing by Lucas Raymond.
17:39 of 3rd period - Morgan Geekie wins face-off versus Jamie Benn in Chicago Black Hawks zone.
17:52 of 3rd period - Slapshot by Seth Jones.
17:52 of 3rd period - Deflect By Kevin Fiala.
17:52 of 3rd period - Stopped by Pyotr Kochetkov with a rebound.
17:54 of 3rd period - Wrist shot by Lucas Raymond.
17:54 of 3rd period - Stopped by Pyotr Kochetkov without a rebound.
17:55 of 3rd period - Sidney Crosby wins face-off versus Alex Newhook in Boston Bruins zone.
18:30 of 3rd period - Slapshot by Morgan Geekie.
18:30 of 3rd period - Shot Misses the Net.
18:32 of 3rd period - Snap shot by Cam York.
18:32 of 3rd period - Stopped by Thatcher Demko without a rebound.
18:33 of 3rd period - Sidney Crosby wins face-off versus Michael Rasmussen in Chicago Black Hawks zone.
18:46 of 3rd period - Snap shot by Chris Kreider.
18:46 of 3rd period - Stopped by Pyotr Kochetkov without a rebound.
18:47 of 3rd period - Lucas Raymond wins face-off versus Morgan Geekie in Boston Bruins zone.
Goals for this period are 2 for Boston Bruins vs 1 for Chicago Black Hawks.
Shots for this period are 8 for Boston Bruins vs 13 for Chicago Black Hawks.
Back to the Top